 Dungeon Crawl Stone Soup version 0.28.0-53-g5a82cb258f (webtiles) character file.

Game seed: 10081523983996622541

238 SanguineChosen the Chopper (level 5, -5/48 HPs)
             Began as a Minotaur Berserker on Aug 3, 2022.
             Was a Priest of Trog.
             Slain by an ogre
             ... wielding a +0 giant club
              (12 damage)
             ... on level 4 of the Dungeon on Aug 4, 2022.
             The game lasted 00:18:04 (2980 turns).

SanguineChosen the Chopper (Minotaur Berserker)     Turns: 2980, Time: 00:18:04

Health: -5/48      AC:  7    Str: 24    XL:     5   Next: 78%
Magic:  4/4        EV: 10    Int:  4    God:    Trog [***...]
Gold:   376        SH:  0    Dex:  9    Spells: 4/4 levels left

rFire   . . .      SeeInvis .   a - +0 hand axe
rCold   . . .      Faith    .   (no shield)
rNeg    . . .      Spirit   .   c - +0 scale mail
rPois   .          Reflect  .   (helmet restricted)
rElec   .          Harm     .   l - scarf {repulsion}
rCorr   .          Rampage  .   (no gloves)
Will    .....                   (no boots)
Stlth   ..........              (no amulet)
HPRegen 0.16/turn               (no ring)
MPRegen 0.09/turn               (no ring)

@: repel missiles
A: horns 2, retaliatory headbutt
a: Renounce Religion, Berserk, Trog's Hand


You were on level 4 of the Dungeon.
You worshipped Trog.
Trog was most pleased with you.
You visited 1 branch of the dungeon, and saw 3 of its levels.
You also visited: Ossuary.

You collected 376 gold pieces.

Inventory:

Hand Weapons
 a - a +0 hand axe (weapon)
Armour
 c - a +0 scale mail (worn)
 l - a scarf of repulsion (worn)
Jewellery
 d - an amulet of faith
Scrolls
 b - a scroll of noise {unknown}
 f - a scroll of blinking {unknown}
 g - a scroll of enchant armour {unknown}
 h - a scroll of enchant weapon {unknown}
 k - a scroll of acquirement {unknown}
Potions
 j - a potion of berserk rage {unknown}


   Skills:
 + Level 5.0 Fighting
 + Level 5.8 Axes
 + Level 4.2 Armour
 + Level 2.9 Dodging


You had 4 spell levels left.
You didn't know any spells.
Your spell library was empty.

Dungeon Overview and Level Annotations

Branches:
Dungeon (2/15)            Ossuary (visited)

Altars:


Innate Abilities, Weirdness & Mutations

You have a pair of horns on your head.
You reflexively headbutt those who attack you in melee.


Message History

The ogre hits you with a +0 giant club!
* * * LOW HITPOINT WARNING * * *
You feel better.
You feel better. The ogre hits you with a +0 giant club.
You feel yourself speed up.
The ogre hits you with a +0 giant club!!
* * * LOW HITPOINT WARNING * * *
You start resting.
Your extra speed is starting to run out.
You start resting.
An ogre is nearby!
An adder comes into view.
The adder hisses angrily.
You feel yourself slow down. The adder barely misses you.
You hit the adder. Your headbutt misses the adder.
The adder is moderately wounded.
The adder barely misses you. The adder bites you but does no damage.
The adder bites you but does no damage. The adder bites you but does no damage.
The adder bites you.
* * * LOW HITPOINT WARNING * * *
The adder completely misses you.
A kobold comes into view. It is wielding a +0 dagger.
The kobold shouts!
An endoplasm comes into view.
The endoplasm quivers.
The adder bites you.
* * * LOW HITPOINT WARNING * * *
The adder barely misses you. The kobold closely misses you.
You miss the kobold. Your punch misses the kobold. You barely miss the adder.
You hit the ogre but do no damage. The adder bites you but does no damage.
The ogre closely misses you. The kobold barely misses you.
You barely miss the kobold. You miss the adder. You hit the ogre.
The adder closely misses you. The kobold hits you but does no damage.
You miss the kobold. You barely miss the adder. You hit the ogre.
The adder bites you.
* * * LOW HITPOINT WARNING * * *
The ogre hits you with a +0 giant club!
You die...

#..# ####..# #.#
.###+#.....#
#.####
........#+## #.#..
#+#..##+# ##... ##
#... #### #..# ###
#..# #.K#
..#######..#+##O@#
..............KS.#
####.#####.#######
#...O.........#
##.....#.####.#
#..####.# .....#
.# ####.# .# #.#
.#


You could see an ogre, an adder and 2 kobolds.

Vanquished Creatures
  A hound (D:4)
  Jessica (D:2)
  2 mummies (Ossuary)
  Robin (D:2)
  4 gnolls (D:4)
  2 adders
  2 worms (D:2)
  2 dart slugs (D:1)
  An orc (D:4)
  6 endoplasms
  A giant cockroach (D:2)
  2 gnoll zombies (Ossuary)
  16 goblins
  11 hobgoblins
  3 jackals
  3 quokkas
  4 bats
  4 goblin zombies (Ossuary)
  5 hobgoblin zombies (Ossuary)
  4 kobolds
  3 orc zombies (Ossuary)
  3 rats (D:1)
81 creatures vanquished.

Vanquished Creatures (others)
  A plant (D:4)
1 creature vanquished.

Grand Total: 82 creatures vanquished

Notes
Turn   | Place    | Note
-------+----------+-------------------------------------------
     0 | D:1      | SanguineChosen the Minotaur Berserker began the quest for
                  | the Orb.
     0 | D:1      | Reached XP level 1. HP: 19/19 MP: 0/0
   401 | D:1      | Reached XP level 2. HP: 27/27 MP: 1/1
  1253 | D:2      | Noticed Jessica
  1260 | D:2      | Reached XP level 3. HP: 24/33 MP: 2/2
  1263 | D:2      | Killed Jessica
  1603 | D:2      | Noticed Robin
  1608 | D:2      | Reached ** piety under Trog
  1616 | D:2      | Reached XP level 4. HP: 34/41 MP: 3/3
  1623 | D:2      | Killed Robin
  1632 | D:2      | Reached skill level 5 in Axes
  2365 | D:2      | You fall into a shaft and drop 2 floors!
  2500 | D:4      | Reached XP level 5. HP: 41/47 MP: 4/4
  2632 | D:4      | Found a sand-covered staircase.
  2642 | Ossuary  | Entered an ossuary
  2702 | Ossuary  | Reached *** piety under Trog
  2886 | D:4      | Noticed an ogre
  2893 | D:4      | Reached skill level 5 in Fighting
  2980 | D:4      | Slain by an ogre

Illustrated notes

Levels and vault maps discovered:
D:1:      lightli_arrival_boilingwater, layout_loops_corners
D:2:      cheibrodos_greedy_goblins, layout_basic, uniq_robin, uniq_jessica,
          uniq_natasha
D:4:      corexii_shantytown, layout_basic, mainiacjoe_overflow_cross_hatched,
          chequers_ossuary_entry_cave

Skill      XL: |  1  2  3  4  5 |
---------------+----------------+-----
Axes           | 4 5 |  5.8
Fighting       | 4 5 |  5.0
Armour         | 3 4 |  4.2
Dodging        | |  2.9

Action                   |  1- 3 |  4- 6 || total
-------------------------+-------+-------++-------
Melee: Hand axe          |    72 |   118 ||   190
       Headbutt          |     5 |    18 ||    23
       Punch             |     2 |     3 ||     5
  Use: Scroll            |     2 |       ||     2
       Potion            |       |     4 ||     4
Armor: Scale mail        |    25 |    51 ||    76
Dodge: Dodged            |    43 |    61 ||   104
